 Dungeon Crawl Stone Soup version 0.32-a0-893-gf85d74f360 (webtiles) character file.

Game seed: 4145026409387337024

37 Leszczynek the Trooper (level 3, -5/37 HPs)
             Began as an Oni Warper on Apr 3, 2024.
             Slain by Terence
             ... wielding a +0 flail
              (10 damage)
             ... on level 2 of the Dungeon.
             The game lasted 00:04:24 (868 turns).

Leszczynek the Trooper (Oni Warper)                  Turns: 868, Time: 00:04:24

Health: -5/37      AC:  3    Str: 15    XL:     3   Next: 39%
Magic:  6/6        EV:  9    Int: 14    God:
Gold:   95         SH:  0    Dex: 10    Spells: 6/6 levels left

rFire   . .          .
                       - Unarmed
rCold   . . .        (no shield)
rNeg    . . .        a - +0 robe
rPois   .            (helmet restricted)
rElec   .            (no cloak)
rCorr   .            (gloves unavailable)
SInv    .            (boots unavailable)
Will    .....        (no amulet)
Stlth   +            (no ring)
HPRegen 0.26/turn    (no ring)
MPRegen 0.10/turn

%: no passive effects
@: no status effects
A: large, unfitting armour, horns 1, tough skin 1, double potion healing,
drunken brawling
a: no special abilities


You were on level 2 of the Dungeon.
You visited 1 branch of the dungeon, and saw 2 of its levels.

You collected 95 gold pieces.

Inventory:

Hand Weapons
 e - a +0 sling
Missiles
 c - 6 darts of dispersal (quivered)
 i - 4 boomerangs
Armour
 a - a +0 robe (worn)
Scrolls
 b - a scroll of blinking
 d - a scroll of vulnerability {unknown}
 h - a scroll of teleportation {unknown}
 j - a scroll of identify {unknown}
Potions
 f - a potion of heal wounds {unknown}
 g - 2 potions of enlightenment {unknown}


   Skills:
 + Level 3.5 Fighting
 - Level 1.0 Throwing
 - Level 2.1 Dodging
 * Level 2.9 Unarmed Combat
 - Level 2.4 Spellcasting
 - Level 2.6 Translocations


You had 6 spell levels left.
You didn't know any spells.
Your spell library contained the following spells:

 Spells                   Type           Power      Damage    Failure   Level
 Blink                    Tloc           18%        N/A       12%         2
 Lesser Beckoning         Tloc           18%        N/A       12%         2
 Maxwell's Portable Pile  Tloc           9%         2d(6-16)  22%         3
 Teleport Other           Tloc           9%         N/A       22%         3
 Vhi's Electric Charge    Tloc/Air       10%        N/A       78%         4


Dungeon Overview and Level Annotations

Branches:
Dungeon (2/15)

Altars:

Annotations:
D:2 Terence


Innate Abilities, Weirdness & Mutations

You are too large for most types of armour.
You have a pair of small horns on your head.
You have tough skin. (AC +1)
You gain doubled healing and magic from potions.
Whenever you drink a healing potion, you attack all around you.


Message History

You hit Terence but do no damage. Terence barely misses you.
You hit Terence but do no damage. Terence hits you with a +0 flail.
You hit Terence.
Terence is lightly wounded.
Terence completely misses you.
You hit Terence but do no damage. You headbutt Terence, but do no damage.
Terence is lightly wounded.
Terence hits you with a +0 flail.
You hit Terence but do no damage. You headbutt Terence.
Terence is lightly wounded.
Terence barely misses you.
You hit Terence but do no damage.
Terence is lightly wounded.
Terence hits you with a +0 flail.
You barely miss Terence.
Terence is lightly wounded.
Terence hits you with a +0 flail!
You hit Terence.
Terence is moderately wounded.
Terence barely misses you.
You hit Terence but do no damage.
Terence is moderately wounded.
Terence closely misses you.
You hit Terence but do no damage.
Terence is moderately wounded.
Terence barely misses you.
You hit Terence.
Terence is moderately wounded.
You hit Terence but do no damage. You headbutt Terence, but do no damage.
Terence is moderately wounded.
Terence hits you with a +0 flail!
* * * LOW HITPOINT WARNING * * *
Throw: 7 darts (disperse)
Press: ? - help, Q - select action, (/) - cycle Shift-Dir - straight line, f/p - Terence
Aim: Terence, wielding a +0 flail and wearing a +0 scale mail (moderately wounded, 56% to hit)
You throw a dart of dispersal.
The dart of dispersal barely misses Terence.
Terence hits you with a +0 flail!
You die...
Terence says, "Time to find some more victims."

># ##+#.# #....#.# #.#
#....#.# #.# #....#.#
#.# # #....#.# #.#
....###....#.###.#
......@@.........##
#######...##......######
..........'............
#######.###...........#
..# #.# #...........#
#.# #.# #...........)
#.### ##.#...####......#
#..)###.....#.# ########
#.#.......###.#


You could see Terence.

Vanquished Creatures
  An adder (D:2)
  A dart slug (D:1)
  An endoplasm (D:2)
  A goblin (D:1)
  3 hobgoblins
  5 quokkas (D:1)
  A ball python (D:1)
  3 bats
  2 frilled lizards (D:1)
  4 kobolds (D:2)
  5 rats (D:1)
27 creatures vanquished.

Notes
Turn   | Place    | Note
-------+----------+-------------------------------------------
     0 | D:1      | Leszczynek the Oni Warper began the quest for the Orb.
     0 | D:1      | Reached XP level 1. HP: 22/22 MP: 3/3
    77 | D:1      | Reached skill level 2 in Unarmed Combat
   107 | D:1      | HP: 4/22 [quokka (1)]
   113 | D:1      | Reached skill level 3 in Fighting
   113 | D:1      | Reached XP level 2. HP: 7/31 MP: 5/5
   685 | D:2      | Reached XP level 3. HP: 35/37 MP: 6/6
   850 | D:2      | Noticed Terence
   867 | D:2      | HP: 5/37 [Terence/+0 flail (13)]
   868 | D:2      | Slain by Terence

Illustrated notes

Levels and vault maps discovered:
D:1:      dpeg_arrival_pond, layout_rooms, nrook_loot_triangle,
          minmay_misc_feat_four_crosses, st_stairs_12, serial_bayou_lake_a
D:2:      layout_basic, uniq_terence

Skill      XL: |  1 |
---------------+----+-----
Unarmed Combat | 2 |  2.9
Fighting       | 3 |  3.5
Throwing       | |  1.0
Dodging        | |  2.1
Spellcasting   | |  2.4
Translocations | |  2.6

Action                     || total
---------------------------++-------
  Melee: Unarmed           ||    86
         Headbutt          ||     9
         Punch             ||     1
   Fire: Sling             ||    43
  Throw: Dart              ||     1
 Armour: Robe              ||    64
  Dodge: Dodged            ||    60

Table legend: (Time is in decaauts)
 A = Elapsed time spent in this place.
 B = Non-inter-level travel time spent in this place.
 C = Inter-level travel time spent in this place.
 D = Time resting spent in this place.
 E = Time spent auto-exploring this place.
 F = Levels seen in this place.
 G = Mean time per level.
                   A        B        C        D        E       F      G
               +--------+--------+--------+--------+--------+-----+--------+
         Total |    875 |    815 |     60 |      0 |    118 |   2 |  437.5 |
       Dungeon |    875 |    815 |     60 |      0 |    118 |   2 |  437.5 |
               +--------+--------+--------+--------+--------+-----+--------+

Top non-repeatable levels by time:
     D:1: 501 daAuts
     D:2: 373 daAuts
